 Dungeon Crawl Stone Soup version 0.25.1-2-g60ff931df9 (webtiles) character file.

Game seed: 11376944517554946719

397 Gynju the Cudgeler (level 6, -1/37 HPs)
             Began as a Gargoyle Fighter on Aug 19, 2020.
             Was a Follower of Ru.
             Slain by an ogre
             ... wielding a +0 giant club
              (9 damage)
             ... on level 5 of the Dungeon.
             The game lasted 00:04:35 (3089 turns).

Gynju the Cudgeler (Gargoyle Fighter)               Turns: 3089, Time: 00:04:36

Health: -1/37      AC: 13    Str: 22    XL:     6   Next: 83%
Magic:  6/6        EV:  5    Int:  8    God:    Ru [*.....]
Gold:   168        SH:  9    Dex:  9    Spells: 5/5 levels left

rFire    . . .     SeeInvis .   a - +0 flail
rCold    . . .     Gourm    .   c - +0 kite shield
rNeg     + . .     Faith    .   p - +0 chain mail
rPois    ∞         Spirit   .   (no helmet)
rElec    +         Reflect  .   (no cloak)
rCorr    .         Harm     .   (no gloves)
MR       .....                  (no boots)
Stlth    ..........             (no amulet)
HPRegen  0.12/turn              (no ring)
MPRegen  0.10/turn              (no ring)

@: no status effects
A: negative energy resistance 1, electricity resistance, unbreathing,
petrification resistance, rot immunity, inability to train dodging, AC +4
a: Renounce Religion


You were on level 5 of the Dungeon.
You worshipped Ru.
Ru was aware of your devotion.
You were hungry.

You visited 1 branch of the dungeon, and saw 5 of its levels.

You collected 168 gold pieces.

Inventory:

Hand Weapons
 a - a +0 flail (weapon)
Armour
 c - a +0 kite shield (worn)
 p - a +0 chain mail (worn)
Scrolls
 b - 2 scrolls of remove curse {unknown}
 e - 3 scrolls of teleportation {unknown}
 g - 2 scrolls of amnesia {unknown}
 h - 5 scrolls of magic mapping {unknown}
 k - a scroll of fear {unknown}
 m - 4 scrolls of identify {unknown}
Potions
 d - a potion of might
 i - 5 potions of curing {unknown}
 l - 3 potions of heal wounds {unknown}
 n - 2 potions of magic {unknown}
 o - a potion of lignification {unknown}
Comestibles
 f - 5 rations


   Skills:
 - Level 3.2 Fighting
 + Level 7.1 Maces & Flails
 - Level 3.2 Armour
 - Level 3.2 Shields


You had 5 spell levels left.
You didn't know any spells.
Your spell library was empty.

Dungeon Overview and Level Annotations

Branches:
Dungeon (5/15)
 Temple: D:4-7

Altars:
Cheibriados
Hepliaklqana
Nemelex Xobeh
Okawaru
Ru
Zin

Shops:
D:5 [

Annotations:
D:3 Sigmund


Innate Abilities, Weirdness & Mutations

You are resistant to torment.
Your stone body is resilient. (AC +4)
You are immune to poison.
You resist negative energy. (rN+)
You are resistant to electric shocks. (rElec)
You can survive without breathing.
You are immune to petrification.
You are immune to rotting.
You cannot train Dodging skill.


Message History

You block the orc's attack. The ogre hits you with a +0 giant club.
* * * LOW HITPOINT WARNING * * *
You barely miss the ogre.
The ogre is severely wounded.
The orc hits you but does no damage. x2; You block the ogre's attack.
You hit the ogre.
The ogre is almost dead.
The orc hits you but does no damage.
Your chain mail prevents you from hitting the ogre.
The ogre is almost dead.
You block the ogre's attack. You block the orc's attack.
You hit the ogre but do no damage.
The ogre is almost dead.
The ogre hits you with a +0 giant club.
* * * LOW HITPOINT WARNING * * *
The orc barely misses you.
You hit the ogre.
The ogre is almost dead.
You block the orc's attack. The ogre hits you with a +0 giant club!
You die...

#.# ##### #####.# #.#
#.# #.# #.# ### #.#
####.########## #.#
#..........#..# #∩#
#.#.######.#..###.#
#.#.###.[.........#
#.....@o#.#.#.#.###
###...#O........#
#.....#.#.#.#.#
##########.##.........#
........##....#.#(#.#.#
........####..........#
..............#.#.#.#.#
........####..........#
#.....>.. ...#.....####


You could see an ogre and an orc.

Vanquished Creatures
  A centaur (D:5)
  A scorpion (D:4)
  A crimson imp (D:5)
  A bullfrog zombie (D:5)
  2 hounds (D:4)
  A worker ant (D:4)
  2 adders
  2 river rats (D:4)
  2 oozes (D:4)
  3 dart slugs
  3 leopard geckos
  7 orcs
  6 giant cockroaches
  7 hobgoblins
  2 jackals (D:4)
  7 kobolds
  5 ball pythons
  6 bats
  4 frilled lizards
  3 goblins
  A leopard gecko skeleton (D:4)
  5 rats
72 creatures vanquished.

Notes
Turn   | Place    | Note
-------+----------+-------------------------------------------
     0 | D:1      | Gynju the Gargoyle Fighter began the quest for the Orb.
     0 | D:1      | Reached XP level 1. HP: 14/14 MP: 1/1
   321 | D:1      | Reached XP level 2. HP: 8/19 MP: 2/2
   652 | D:1      | Reached skill level 3 in Maces & Flails
  1016 | D:2      | Found a glowing silver altar of Zin.
  1016 | D:2      | Found an iron altar of Okawaru.
  1021 | D:2      | Found a faded altar of an unknown god.
  1023 | D:2      | Found a sacrificial altar of Ru.
  1025 | D:2      | Found a faded altar of an unknown god.
  1062 | D:2      | Found a faded altar of an unknown god.
  1096 | D:2      | Became a worshipper of Ru the Awakened
  1118 | D:2      | Reached XP level 3. HP: 23/23 MP: 3/3
  1198 | D:2      | Found a hazy altar of Hepliaklqana.
  1203 | D:2      | Found a sparkling altar of Nemelex Xobeh.
  1538 | D:3      | Noticed Sigmund
  1596 | D:3      | Reached skill level 4 in Maces & Flails
  1727 | D:4      | Reached XP level 4. HP: 26/28 MP: 4/4
  1824 | D:4      | Reached skill level 5 in Maces & Flails
  1830 | D:4      | Reached XP level 5. HP: 29/32 MP: 5/5
  2187 | D:4      | Gained mutation: You cannot train Dodging skill. [Ru
                  | sacrifice]
  2187 | D:4      | Reached * piety under Ru
  2338 | D:4      | Found a glowing drain.
  2353 | D:4      | Reached skill level 6 in Maces & Flails
  2555 | D:4      | Found a snail-covered altar of Cheibriados.
  2591 | D:5      | Entered Level 5 of the Dungeon
  2591 | D:5      | Noticed a centaur
  2604 | D:5      | Killed a centaur
  2604 | D:5      | Reached XP level 6. HP: 31/37 MP: 6/6
  2652 | D:5      | Found Ahioxtio's Armour Boutique.
  2876 | D:4      | Reached skill level 7 in Maces & Flails
  3089 | D:5      | Slain by an ogre

Illustrated notes

Levels and vault maps discovered:
D:1:      heliophobic_arrival_dark_side_of_the_moon, layout_basic,
          chequers_mini_garden
D:2:      layout_rooms, nicolae_overflow_crystal_walls,
          chequers_temple_overflow_minitemple,
          chequers_ecumenical_altar_simple_redux, corexii_shack,
          kennysheep_decorative_pillar, nemelex_xobeh_ov_fountains_minmay
D:3:      layout_rooms, minmay_between, uniq_sigmund, uniq_natasha
D:4:      layout_rooms, kennysheep_mini_moat, portal_sewer_entry_b
D:5:      layout_basic, kennysheep_mini, old_standard_altar, serial_shops, shop,
          serial_co_window_serial, co_window_corner_a, co_window_paths_a,
          co_window_paths_a, co_window_of_opportunity_a, co_window_corner_a,
          co_window_of_opportunity_a, co_window_paths_b,
          co_window_unsneaky_path_e, co_window_broadway_b, co_window_corner_b,
          co_window_broadway_c, co_window_cross_2, glass_columns_c,
          glass_columns_a, glass_columns_b, glass_columns_a, glass_columns_b,
          first_ration, uniq_grinder

Skill      XL: |  1  2  3  4  5  6 |
---------------+-------------------+-----
Maces & Flails | 3 4 5 6 7 |  7.1
Fighting       | |  3.2
Armour         | |  3.2
Shields        | |  3.2

Action                   |  1- 3 |  4- 6 || total
-------------------------+-------+-------++-------
Melee: Flail             |   162 |   177 ||   339
Invok: Sacrifice Nimblen |       |     1 ||     1
  Eat: Chunk             |     3 |     4 ||     7
Armor: Scale mail        |   135 |    38 ||   173
       Chain mail        |       |    71 ||    71
Dodge: Dodged            |    73 |    43 ||   116
Block: Kite shield       |   106 |   100 ||   206
